 Dungeon Crawl Stone Soup version 0.31-a0-840-g6d2ecbb638 (webtiles) character file.

Game seed: 1008667303613248304

81 BinkBink the Changeling (level 4, -1/29 HPs)
             Began as an Octopode Shapeshifter on Sept 27, 2023.
             Was an Initiate of Dithmenos.
             Succumbed to a scorpion's poison
             ... on level 2 of the Dungeon.
             The game lasted 00:05:03 (1989 turns).

BinkBink the Changeling (Octopode Shapeshifter)     Turns: 1989, Time: 00:05:03

Health: -1/29      AC:  1    Str: 13    XL:     4   Next: 40%
Magic:  4/4        EV: 13    Int: 12    God:    Dithmenos [......]
Gold:   183        SH:  0    Dex: 13    Spells: 3/3 levels left

rFire   . . .        d - +3 short sword (drain)
rCold   . . .        (no shield)
rNeg    . . .        (helmet currently unavailable)
rPois   .            (no amulet)
rElec   .            (no ring)
rCorr   .            (no ring)
SInv    .            (no ring)
Will    .....        (no ring)
Stlth   +++          (no ring)
HPRegen 0.24/turn    (no ring)
MPRegen 0.09/turn    (no ring)
                     (no ring)

%: no passive effects
@: brilliant, lethally poisoned (-1 -> -11), about to teleport, beast-form,
attractive
A: beast (slay +1), almost no armour, amphibious, 8 rings, camouflage 1,
gelatinous body 1, (nimble swimmer 1), tentacles
a: Begin Untransformation, Renounce Religion


You were on level 2 of the Dungeon.
You worshipped Dithmenos.
Dithmenos was noncommittal.
You were a hulking beast.
You visited 1 branch of the dungeon, and saw 3 of its levels.

You collected 183 gold pieces.

Inventory:

Hand Weapons
 d - a +3 short sword of draining (weapon)
Jewellery
 g - a +4 ring of slaying
 o - an amulet of faith
Talismans
 b - a beast talisman (active)
 c - a flux talisman
 n - a flux talisman
Wands
 r - a wand of paralysis (10)
Scrolls
 e - a scroll of poison {unknown}
 i - a scroll of blinking
 m - a scroll of identify
 p - a scroll of fog {unknown}
 q - a scroll of brand weapon {unknown}


   Skills:
 + Level 2.0 Fighting
 + Level 1.4 Short Blades
 + Level 2.6 Dodging
 + Level 2.2 Stealth
 - Level 3.0 Unarmed Combat
 + Level 3.4 Shapeshifting


You had 3 spell levels left.
You didn't know any spells.
Your spell library was empty.

Dungeon Overview and Level Annotations

Branches:
Dungeon (3/15)

Altars:
Dithmenos
Elyvilon

Annotations:
D:3 1 runed translucent door, Crazy Yiuf


Innate Abilities, Weirdness & Mutations

You are a hulking beast.
Your limbs bulge with bestial killing power. (Slay +1)
You cannot wear most types of armour.
You are amphibious.
You can wear up to eight rings at the same time.
Your skin changes colour to match your surroundings (Stealth+).
Your rubbery body absorbs attacks. (AC +1, EV +1)
((You are camouflaged when in or above water. (Stealth+)))
You have tentacles for arms and can constrict up to eight enemies at once.


Message History

The scorpion is moderately wounded.
You constrict the scorpion, but do no damage.
You feel sick. The scorpion stings you.
* * * LOW HITPOINT WARNING * * *
You feel much better.
You constrict the scorpion, but do no damage.
You feel sick.
You are no longer poisoned.
The scorpion stings you.
You are poisoned.
The scorpion poisons you! The scorpion barely misses you.
You barely miss the scorpion.
The scorpion is moderately wounded.
You constrict the scorpion.
You feel very sick. The scorpion stings you.
You are lethally poisoned!
The scorpion poisons you!
It was a potion of attraction.
You feel attractive to monsters.
You constrict the scorpion.
You feel very sick. The scorpion barely misses you.
It was a potion of brilliance.
You feel clever all of a sudden.
You constrict the scorpion.
* * * LOW HITPOINT WARNING * * *
You feel very sick. The scorpion barely misses you.
As you read the scroll labelled TUUVI FEYJU, it crumbles to dust.
You feel strangely unstable.
It was a scroll of teleportation.
You constrict the scorpion.
* * * LOW HITPOINT WARNING * * *
You feel very sick. The scorpion misses you.
As you read the scroll labelled FUDUMA DICRONKEMM, it crumbles to dust.
It is a scroll of enchant weapon.
Your +2 short sword of draining glows red for a moment.
You constrict the scorpion, but do no damage.
You die...

##################
.................#
################h#
######s## #.......#
#.......# #.......#
###########.......#######
......[...+.......'....>#
####......#.......#####.#
#|.)...#.......# #(#


You could see a scorpion.

Vanquished Creatures
  Natasha (D:3)
  4 adders
  2 ball pythons (D:2)
  2 endoplasms
  5 goblins
  5 kobolds
  A bat (D:2)
  2 frilled lizards
  A rat (D:2)
23 creatures vanquished.

Notes
Turn   | Place    | Note
-------+----------+-------------------------------------------
     0 | D:1      | BinkBink the Octopode Shapeshifter began the quest for the
                  | Orb.
     0 | D:1      | Reached XP level 1. HP: 13/13 MP: 1/1
   974 | D:2      | Reached XP level 2. HP: 18/18 MP: 2/2
  1191 | D:2      | Reached skill level 1 in Stealth
  1258 | D:2      | Found a faded altar of an unknown god.
  1534 | D:3      | Found a white marble altar of Elyvilon.
  1544 | D:3      | Noticed Natasha
  1545 | D:3      | Found a shadowy altar of Dithmenos.
  1558 | D:3      | Reached XP level 3. HP: 23/23 MP: 3/3
  1582 | D:3      | Killed Natasha
  1583 | D:3      | Reached skill level 1 in Short Blades
  1600 | D:3      | Reached XP level 4. HP: 11/29 MP: 4/4
  1612 | D:3      | Became a worshipper of Dithmenos the Shadowed
  1617 | D:3      | Noticed an ice beast
  1896 | D:3      | Found a runed translucent door.
  1897 | D:3      | Noticed Crazy Yiuf
  1964 | D:3      | Noticed a scorpion
  1988 | D:2      | HP: 1/29 [poisoned by a scorpion]
  1989 | D:2      | Succumbed to a scorpion's poison

Illustrated notes

Levels and vault maps discovered:
D:1:      dpeg_arrival_pond, layout_basic
D:2:      layout_basic, chequers_ecumenical_altar_simple
D:3:      layout_basic, mainiacjoe_overflow_boulevard,
          mainiacjoe_overflow_small_starburst, gammafunk_ghost_gnarly_gnolls,
          cheibrodos_sewer_entry_bend, minmay_bisected, uniq_natasha,
          uniq_crazy_yiuf_cottage

Skill      XL: |  1  2  3  4 |
---------------+-------------+-----
Stealth        | 1 2 |  2.2
Short Blades   | 1 |  1.4
Fighting       | 2 |  2.0
Dodging        | |  2.6
Unarmed Combat | |  3.0
Shapeshifting  | |  3.4

Action                     |  1- 3 |  4- 6 || total
---------------------------+-------+-------++-------
  Melee: Short sword       |    38 |    14 ||    52
         Constrict         |     7 |     5 ||    12
         Tentacles         |     4 |       ||     4
         Punch             |     1 |       ||     1
    Use: Potion            |     2 |     5 ||     7
         Scroll            |       |     4 ||     4
   Stab: Sleeping          |     3 |     1 ||     4
 Armour: Skin              |    21 |    15 ||    36
  Dodge: Dodged            |    22 |    14 ||    36

Table legend: (Time is in decaauts)
 A = Elapsed time spent in this place.
 B = Non-inter-level travel time spent in this place.
 C = Inter-level travel time spent in this place.
 D = Time resting spent in this place.
 E = Time spent auto-exploring this place.
 F = Levels seen in this place.
 G = Mean time per level.
                   A        B        C        D        E       F      G
               +--------+--------+--------+--------+--------+-----+--------+
         Total |   1985 |   1946 |     39 |      0 |   1445 |   3 |  661.7 |
       Dungeon |   1985 |   1946 |     39 |      0 |   1445 |   3 |  661.7 |
               +--------+--------+--------+--------+--------+-----+--------+

Top non-repeatable levels by time:
     D:1: 818 daAuts
     D:2: 816 daAuts
     D:3: 350 daAuts
